 Dungeon Crawl Stone Soup version 0.23-a0-296-ga3b1b28 (webtiles) character file.

2684 mhoghedin the Insei (level 9, -4/57 HPs)
             Began as a Tengu Monk on Oct 5, 2018.
             Was a Priest of Ru.
             Killed from afar by Erica (20 damage)
             ... with a bolt of poison
             ... on level 8 of the Dungeon.
             The game lasted 00:11:01 (8223 turns).

mhoghedin the Insei (Tengu Monk)                    Turns: 8223, Time: 00:11:02

Health: -4/57      AC:  8    Str: 15 (16) XL:     9   Next: 64%
Magic:  10/10      EV: 12    Int: 10 (12) God:    Ru [***...]
Gold:   292        SH:  0    Dex: 18 (20) Spells: 8/8 levels left

rFire    x . .     SeeInvis .     - Unarmed
rCold    . . .     Gourm    .   (no shield)
rNeg     . . .     Faith    .   u - +1 robe of Poaqip {rC- Str+2 Dex+4}
rPois    .         Spirit   .   (helmet restricted)
rElec    .         Reflect  .   j - +1 cloak
rCorr    .         Harm     .   p - +2 pair of gloves
MR       .....                  (boots unavailable)
Stlth    +++.......             (no amulet)
HPRegen  0.19/turn              f - ring of ice {rC+, rF-}
MPRegen  0.12/turn              y - ring of stealth {Stlth+}

@: lethally poisoned (-4 -> -33), exhausted, drained
A: beak, talons 3, blink, wild magic 1, reduced EV 1, unskilled 1, able to fly 1
a: Fly, Blink, Draw Out Power, Renounce Religion


You were on level 8 of the Dungeon.
You worshipped Ru.
Ru was most pleased with you.
You were not hungry.

You visited 2 branches of the dungeon, and saw 9 of its levels.

You collected 292 gold pieces.

Inventory:

Hand Weapons
 b - a +1 hunting sling of freezing
   (You found it on level 4 of the Dungeon)
Missiles
 a - 84 stones (quivered)
 d - 27 sling bullets
 m - 2 throwing nets {=f, !d}
Armour
 g - a +0 ring mail
   (You found it on level 2 of the Dungeon)
 j - a +1 cloak (worn)
   (You found it on level 2 of the Dungeon)
 p - a +2 pair of gloves (worn)
   (You found it on level 3 of the Dungeon)
 u - the +1 robe of Poaqip (worn) {rC- Str+2 Dex+4}
   (You found it on level 5 of the Dungeon)

   It affects your strength (+2).
   It affects your dexterity (+4).
   It makes you vulnerable to cold.
Jewellery
 f - a ring of ice (left hand) {rC+, rF-}
   (You found it on level 3 of the Dungeon)
 y - a ring of stealth (right hand) {Stlth+}
   (You found it on level 6 of the Dungeon)
Wands
 h - a wand of disintegration (8)
   (You found it on level 2 of the Dungeon)
 k - a wand of iceblast (23)
   (You found it on level 2 of the Dungeon)
 n - a wand of digging (13)
   (You found it on level 4 of the Dungeon)
Scrolls
 c - 2 scrolls of remove curse
 i - 2 scrolls of noise {!r}
 l - a scroll of magic mapping {!r}
 o - a scroll of teleportation
 t - 3 scrolls of enchant armour
 w - 3 scrolls of enchant weapon {unknown}
 x - 6 scrolls of identify
Potions
 e - a potion of curing
 r - a potion of mutation {!q}
 s - a potion of agility {unknown}
 z - a potion of haste {unknown}
Comestibles
 q - 15 rations


   Skills:
 + Level 7.0(6.6) Fighting
 - Level 2.4(2.2) Slings
 - Level 0.8(1.4) Throwing
 - Level 4.1(3.8) Armour
 + Level 6.8(6.5) Dodging
 - Level 1.7(1.4) Stealth
 + Level 7.6(7.2) Unarmed Combat


You had 8 spell levels left.
You didn't know any spells.
Your spell library was empty.

Dungeon Overview and Level Annotations

Branches:
Dungeon (8/15)             Temple (1/1) D:4
   Lair: D:8-11

Altars:
Ashenzari
Cheibriados
Dithmenos
Elyvilon
Fedhas
Gozag
Hepliaklqana
Kikubaaqudgha
Makhleb
Nemelex Xobeh
Okawaru
Qazlal
Ru
Sif Muna
Trog
Uskayaw
Vehumet
Xom
Yredelemnul
Zin
The Shining One

Shops:
D:5 **

Annotations:
D:4 exclusion: oklob plant
D:8 Erica


Innate Abilities, Weirdness & Mutations

You have a beak for a mouth.
You have claws for feet.
You have somewhat slow reflexes. (EV -5)
You are somewhat unskilled. (-1 Apt)
You can fly.
You can translocate small distances at will.
Your spells are a little harder to cast, but a little more powerful.


Message History

There is an open door, spattered with blood here.
d - 27 sling bullets (gained 1)
You open the door.
There is an open door here.
Items here: ) [ รทรทรท a hand axe; an animal skin; a human skeleton; a hog skeleton x2
Done exploring.
You regained 13 hp, and now have 37/56 hp.
You start resting.
Eating one of 3 chunks of flesh {@w0}.
You eat one of the 3 chunks of flesh {@w0}.
Health restored: 56 Search for what [Enter for "bullet", or ? for help]? ego Unknown command.
Done exploring.
Done exploring.
(D) Dungeon (T) Temple
Where to? (Enter - D:7, ? - help)
There is an open door here.
There is an open door here.
There is a stone staircase leading down here.
You climb downwards.
There is a stone staircase leading up here.
Found a stone staircase leading down.
a - 84 stones (gained 26)
A worker ant comes into view.
A worker ant is nearby!
The helpless worker ant fails to defend itself.
You hit the worker ant. You peck the worker ant.
The worker ant closely misses you.
You hit the worker ant.
You peck the worker ant, but do no damage.
The worker ant bites you but does no damage.
Unknown command.
You hit the worker ant. The worker ant barely misses you.
You hit the worker ant but do no damage.
You claw the worker ant! Your peck misses the worker ant.
The worker ant bites you but does no damage.
All of the chunks of flesh in your inventory have rotted away.
You barely miss the worker ant. The worker ant bites you.
You take 4 damage, and have 52/56 hp.
You hit the worker ant.
You kill the worker ant!
Your Fighting skill increases to level 7!
No target in view!
Erica the Fiery-Tempered comes into view.
She is wielding a scimitar of Erica shouts!
You regained 3 hp, and now have 56/57 hp.
Aim: Erica, wielding a scimitar of flaming and wearing a robe (chance to defeat Erica easily resists.
Aim: Erica, wielding a scimitar of flaming and wearing a robe (chance to defeat Erica easily resists.
Aim: Erica, wielding a scimitar of flaming and wearing a robe The mass of ice explodes!
The iceblast engulfs Erica.
You hear an angry growl.
You hear a loud, deep croak!
You hear a croak.
A crocodile comes into view.
Aim: Erica, wielding a scimitar of flaming and wearing a robe (moderately The mass of ice explodes!
The iceblast engulfs Erica.
You hear a croak.
You redirect Erica's attack!
The mass of ice explodes!
The iceblast engulfs Erica.
You hear an angry growl.
You hear a shout!
You hear a bark!
Health restored: 57 The mass of ice explodes!
The iceblast engulfs Erica.
You hear a loud, deep croak!
You hear an angry growl.
Erica drinks a potion.
Erica is healed!
A crocodile comes into view.
The mass of ice explodes!
The iceblast engulfs Erica.
You hear an angry growl.
Erica gestures at you while chanting.
You are confused.
Unknown command.
Erica hits you but does no damage.
Erica begins to cast a spell, but is stunned by your will!
A porcupine comes into view.
The crocodile bites you.
You take 4 damage, and have 53/57 hp.
Erica hits you with a scimitar of flaming.
Erica burns you. The crocodile bites you.
You take 13 damage, and have 40/57 hp.
MASSIVE DAMAGE!!
You are restored by drawing out deep reserves of power within.
You feel drained. Erica barely misses you. The crocodile bites you!!
You take 1 damage, and have 39/57 hp.
Erica gestures at you while chanting. The bolt of poison hits you!
You are poisoned.
You take 20 damage, and have 19/57 hp.
MASSIVE DAMAGE!!
You feel sick.
You take 1 damage, and have 18/57 hp.
You feel sick.
You take 1 damage, and have 17/57 hp.
You feel sick.
Erica points at you and mumbles some strange words.
The bolt of poison hits you!
You are lethally poisoned!
You die...

#........#..#
##>........#.# ##.#
#............####..$#
##..........)........
#####.##.<..###...#
#.##....# ...#
#.##..#.##...#
#####.##..#.....#
#####......@.@tr....#
#......##.####t....##
#########.# ##....#
#.# ##..## #.# ##..#
#.# .... #.# ..###
#.# ..# .


You could see Erica, 2 crocodiles and a porcupine.

Vanquished Creatures
  Pikel (D:7)
  A human (D:7)
  4 hogs (D:7)
  An ice beast (D:5)
  A sky beast (D:4)
  An ogre (D:5)
  2 phantoms
  A big kobold (D:7)
  A gnoll sergeant (D:5)
  A water moccasin skeleton (D:7)
  A howler monkey (D:7)
  A crimson imp (D:5)
  3 hounds
  7 orc wizards
  An iguana (D:6)
  Natasha (twice) (D:2)
  7 worker ants
  A hound zombie (D:7)
  2 hound skeletons (D:4)
  A worker ant zombie (D:7)
  Robin (D:2)
  6 gnolls
  5 adders
  A howler monkey skeleton (D:4)
  An ooze (D:1)
  3 worms
  3 dart slugs
  3 leopard geckos
  7 orcs
  8 bats
  7 giant cockroaches
  13 goblins
  7 hobgoblins
  2 jackals
  12 kobolds
  A quokka (D:7)
  A ball python (D:4)
  4 frilled lizards
  A quokka skeleton (D:4)
  4 rats
130 creatures vanquished.

Vanquished Creatures (others)
  2 fungi (D:8)
2 creatures vanquished.

Grand Total: 132 creatures vanquished

Notes
Turn   | Place    | Note
-------+----------+-------------------------------------------
     0 | D:1      | mhoghedin the Tengu Monk began the quest for the Orb.
     0 | D:1      | Reached XP level 1. HP: 14/14 MP: 2/2
    72 | D:1      | Reached XP level 2. HP: 17/19 MP: 3/3
   705 | D:2      | Reached XP level 3. HP: 13/23 MP: 4/4
   706 | D:2      | Gained mutation: You can translocate small distances at
                  | will. [potion of mutation]
   706 | D:2      | Gained mutation: Your spells are a little harder to cast,
                  | but a little more powerful. [potion of mutation]
   912 | D:2      | Noticed Natasha
   915 | D:2      | Noticed Robin
   936 | D:2      | Killed Natasha
   936 | D:2      | Reached skill level 4 in Dodging
   936 | D:2      | Reached skill level 4 in Unarmed Combat
   936 | D:2      | Reached XP level 4. HP: 26/29 MP: 5/5
   959 | D:2      | Killed Robin
   976 | D:1      | HP: 7/29 [poisoned by Robin]
  1589 | D:2      | Noticed Natasha
  1592 | D:2      | Killed Natasha
  1592 | D:2      | Reached skill level 4 in Fighting
  1592 | D:2      | Gained mutation: You can fly. [Tengu growth]
  1592 | D:2      | Reached XP level 5. HP: 29/33 MP: 6/6
  2640 | D:4      | Reached skill level 5 in Unarmed Combat
  2640 | D:4      | Reached XP level 6. HP: 23/39 MP: 7/7
  2642 | D:4      | Reached skill level 5 in Dodging
  2833 | D:4      | Noticed a sky beast
  2868 | D:4      | Killed a sky beast
  3241 | D:4      | Found a blossoming altar of Fedhas.
  3261 | D:4      | Noticed an oklob plant
  3504 | D:4      | Found a bloodstained altar of Trog.
  3538 | D:4      | Found a staircase to the Ecumenical Temple.
  3551 | Temple   | Entered the Ecumenical Temple
  3661 | Temple   | Became a worshipper of Ru the Awakened
  3688 | D:4      | Gained mutation: You have somewhat slow reflexes. (EV -5)
                  | [Ru sacrifice]
  3688 | D:4      | Reached * piety under Ru
  3705 | D:4      | Reached skill level 5 in Fighting
  3805 | D:4      | Noticed a phantom
  3823 | D:4      | Killed a phantom
  3823 | D:4      | Reached XP level 7. HP: 41/44 MP: 8/8
  4599 | D:5      | Entered Level 5 of the Dungeon
  4664 | D:4      | Reached skill level 1 in Throwing
  4784 | D:5      | Reached skill level 6 in Unarmed Combat
  4821 | D:5      | Reached skill level 1 in Slings
  5077 | D:5      | Found Zisa's General Store.
  5105 | D:5      | Reached skill level 2 in Slings
  5105 | D:5      | Reached XP level 8. HP: 51/51 MP: 9/9
  5128 | D:5      | Reached skill level 6 in Fighting
  5350 | D:5      | HP: 12/51 [poisoned by a gnoll sergeant]
  5356 | D:5      | HP: 10/51 [poisoned by a gnoll sergeant]
  5362 | D:5      | HP: 9/51 [poisoned by a gnoll sergeant]
  5370 | D:5      | HP: 8/51 [poisoned by a gnoll sergeant]
  5637 | D:5      | Found a radiant altar of Vehumet.
  5798 | D:5      | Got a heavy robe
  5856 | D:5      | Found Inwel's Elemental Accessories.
  5916 | D:5      | Identified the +1 robe of Poaqip {rC- Str+2 Dex+4} (You
                  | found it on level 5 of the Dungeon)
  6001 | D:6      | Reached skill level 1 in Armour
  6168 | D:6      | Found a basalt altar of Yredelemnul.
  6487 | D:6      | Gained mutation: You are somewhat unskilled. (-1 Apt) [Ru
                  | sacrifice]
  6487 | D:6      | Reduced skill Fighting to level 5
  6487 | D:6      | Reduced skill Throwing to level 0
  6487 | D:6      | Reduced skill Stealth to level 1
  6487 | D:6      | Reached ** piety under Ru
  6487 | D:6      | Reached *** piety under Ru
  6909 | D:7      | Found a hazy altar of Hepliaklqana.
  6923 | D:7      | Reached skill level 6 in Fighting
  6959 | D:7      | Found an opulent altar of Gozag.
  6964 | D:7      | Reached skill level 2 in Armour
  7168 | D:7      | Noticed Pikel
  7183 | D:7      | HP: 9/51 [slave[Pikel] (4)]
  7188 | D:7      | HP: 11/51 [slave[Pikel] (1)]
  7189 | D:7      | HP: 3/51 [Pikel/whip of flaming (3)]
  7191 | D:7      | Killed Pikel
  7191 | D:7      | Reached skill level 3 in Armour
  7191 | D:7      | Reached skill level 6 in Dodging
  7191 | D:7      | Reached skill level 7 in Unarmed Combat
  7191 | D:7      | Reached XP level 9. HP: 3/56 MP: 10/10
  7666 | D:7      | HP: 13/56 [hog (3)]
  7676 | D:7      | HP: 7/56 [human/hand axe (8)]
  7967 | D:7      | Reached skill level 4 in Armour
  8194 | D:8      | Reached skill level 7 in Fighting
  8206 | D:8      | Noticed Erica
  8223 | D:8      | Killed from afar by Erica

Vault maps used:
D:1:      nzn_arrival_crosshair, minmay_tetromino_t4
D:2:      first_ration, uniq_natasha, uniq_robin
D:4:      tgw_fedhas, minmay_temple_entry_statues, serial_bayou,
          serial_bayou_lake_a, serial_bayou_pond_d, serial_bayou_pond_b,
          serial_bayou_pond_b, kennysheep_nondescript, bloody_trog
D:5:      old_standard_altar, serial_shops, shop, nicolae_elemental_shop
D:6:      nicolae_overflow_crystal_walls, st_stairs_12, corexii_hall_statues_s
D:7:      overflow_temple_1_default, lemuel_crystal_altar, grunt_livestock,
          serial_bayou_pond_b, minmay_misc_feat_pillars,
          kennysheep_generic_room_13, uniq_pikel
D:8:      due_lair_maze_entry_diamond, serial_shops, nicolae_shop_stone,
          serial_undead, serial_undead_c, serial_undead_f, serial_undead_a,
          serial_undead_d, serial_undead_e, serial_undead_c, serial_undead_d,
          uniq_maurice, uniq_erica
Temple:   regret_index_temple_waves

Skill      XL: |  1  2  3  4  5  6  7  8  9 |
---------------+----------------------------+-----
Dodging        | 4 5 6 |  6.8
Unarmed Combat | 4 5 6 7 |  7.6
Fighting       | 4 5 6 7 |  7.0
Throwing       | 1 0 |  0.8
Slings         | 2 |  2.4
Armour         | 3 4 |  4.1
Stealth        | 1 |  1.7

Action                   |  1- 3 |  4- 6 |  7- 9 || total
-------------------------+-------+-------+-------++-------
Melee: Unarmed           |    54 |   186 |   157 ||   397
       Kick              |     8 |    44 |    47 ||    99
       Punch             |     2 |     7 |     7 ||    16
       Peck              |     9 |    34 |    41 ||    84
 Fire: Hunting sling     |       |       |    92 ||    92
Invok: Sacrifice Health  |       |     1 |       ||     1
       Draw Out Power    |       |       |     2 ||     2
       Sacrifice Skill   |       |       |     1 ||     1
Evoke: Wand              |       |     1 |     9 ||    10
  Use: Potion            |     2 |     2 |     2 ||     6
       Scroll            |     1 |       |     5 ||     6
 Stab: Sleeping          |     4 |     4 |     2 ||    10
       Distracted        |       |     1 |     2 ||     3
       Invisible         |       |       |     5 ||     5
  Eat: Chunk             |       |     2 |     4 ||     6
       Ration            |       |     2 |     3 ||     5
Armor: Robe              |     4 |       |    42 ||    46
       Ring mail         |     2 |    74 |    45 ||   121
       Skin              |       |     2 |       ||     2
Dodge: Dodged            |    29 |   107 |    86 ||   222

Table legend:
 A = Non-vault XP
 B = Vault XP
 C = Vault XP percentage of total XP
 D = Non-vault monster count
 E = Vault monster count
 F = Vault count percentage of total count
                 A         B        C        D         E       F
            +---------+---------+-------+---------+---------+-------
      Total |    1963 |    1872 |  48.8 |     102 |      28 |  21.5
            +---------+---------+-------+---------+---------+-------
        D:1 |      21 |       9 |  30.0 |       7 |       5 |  41.7
        D:2 |      82 |      68 |  45.3 |      23 |      12 |  34.3
        D:3 |      57 |       0 |   0.0 |      14 |       0 |   0.0
        D:4 |     527 |      90 |  14.6 |      17 |       3 |  15.0
        D:5 |     659 |       0 |   0.0 |      21 |       0 |   0.0
        D:6 |     324 |       3 |   0.9 |       9 |       1 |  10.0
        D:7 |     260 |    1702 |  86.7 |      10 |       7 |  41.2
        D:8 |      33 |       0 |   0.0 |       1 |       0 |   0.0
            +---------+---------+-------+---------+---------+-------

Vault maps used:
D:1:      nzn_arrival_crosshair, minmay_tetromino_t4
D:2:      first_ration, uniq_natasha, uniq_robin
D:4:      tgw_fedhas, minmay_temple_entry_statues, serial_bayou,
          serial_bayou_lake_a, serial_bayou_pond_d, serial_bayou_pond_b,
          serial_bayou_pond_b, kennysheep_nondescript, bloody_trog
D:5:      old_standard_altar, serial_shops, shop, nicolae_elemental_shop
D:6:      nicolae_overflow_crystal_walls, st_stairs_12, corexii_hall_statues_s
D:7:      overflow_temple_1_default, lemuel_crystal_altar, grunt_livestock,
          serial_bayou_pond_b, minmay_misc_feat_pillars,
          kennysheep_generic_room_13, uniq_pikel
D:8:      due_lair_maze_entry_diamond, serial_shops, nicolae_shop_stone,
          serial_undead, serial_undead_c, serial_undead_f, serial_undead_a,
          serial_undead_d, serial_undead_e, serial_undead_c, serial_undead_d,
          uniq_maurice, uniq_erica
Temple:   regret_index_temple_waves

Table legend:
 A = Turns spent in this place as a percentage of turns spent in the entire game.
 B = Non-inter-level travel turns spent in this place as a percentage of non-inter-level travel turns spent in the entire game.
 C = Inter-level travel turns spent in this place as a percentage of turns spent in this place.
 D = Turns resting spent in this place as a percentage of non-inter-level travel turns spent in this place.
 E = Turns spent auto-exploring this place as a percentage of non-inter-level travel turns spent in this place.
 F = Non-inter-level travel turns spent in this place divided by the number of levels of this place that you've seen.
                   A       B       C       D       E      F
               +-------+-------+-------+-------+-------+----------------------
         Total | 100.0 | 100.0 |   5.7 |  29.4 |  56.1 | 861.8
       Dungeon |  98.4 |  98.8 |   5.3 |  29.7 |  55.6 | 958.2
        Temple |   1.6 |   1.2 |  30.8 |   0.0 |  97.8 |  90.0
               +-------+-------+-------+-------+-------+----------------------

Table legend:
 A = Kills in this place as a percentage of kills in entire the game.
 B = Kills by you in this place as a percentage of kills by you in the entire game.
 C = Kills by friends in this place as a percentage of kills by friends in the entire game.
 D = Other kills in this place as a percentage of other kills in the entire game.
 E = Experience gained in this place as a percentage of experience gained in the entire game.
 F = Experience gained in this place divided by the number of levels of this place that you have seen.
                   A       B       C       D       E      F
               +-------+-------+-------+-------+-------+----------------------
         Total | 100.0 | 100.0 |   N/A |   N/A | 100.0 | 426.1
       Dungeon | 100.0 | 100.0 |   N/A |   N/A | 100.0 | 479.4
               +-------+-------+-------+-------+-------+----------------------
